General information
- name: BNet
- type: Ladder team game (AT/RT)
- host: Battle.net
- saver: StyL
map: TimbermawHold
- players: 6
- length: 03:02
- speed: Fast
- version: 1.24 WAR3
- replay type: Public
» download(12 KB)
Players
team 1 (winner)
100li (
red | 73 APM | 220 actions | 03:01)
1 Far Seer
1 Feral Spirit
» actions
| Assign group hotkey | 12 | |
| Basic commands | 53 | |
| Build / train | 10 | |
| Enter build submenu | 4 | |
| Enter hero's abilities submenu | 1 | |
| Right click | 52 | |
| Select / deselect | 77 | |
| Select group hotkey | 1 | |
| Use ability | 10 | |
220 total
» units
» buildings
| Altar of Storms | 1 | |
| War Mill | 1 | |
| Orc Burrow | 2 | |
| Stronghold | 1 | |
5 total
» build order
00:09 Altar of Storms
00:13 War Mill
00:24 Orc Burrow
01:42 Orc Burrow
02:06 Stronghold

»
StyL (
pink | 188 APM | 572 actions | 03:02)
1 Far Seer
1 Feral Spirit
» actions
| Assign group hotkey | 8 | |
| Build / train | 10 | |
| Enter build submenu | 4 | |
| Enter hero's abilities submenu | 1 | |
| Right click | 95 | |
| Select / deselect | 26 | |
| Select group hotkey | 420 | |
| Use ability | 8 | |
572 total
» units
» buildings
| Altar of Storms | 1 | |
| Orc Burrow | 2 | |
| War Mill | 1 | |
| Stronghold | 3 | |
7 total
» build order
00:08 Altar of Storms
00:18 Orc Burrow
00:33 War Mill
01:41 Stronghold
01:41 Stronghold
02:04 Orc Burrow
Kanni_ (
purple | 18 APM | 54 actions | 03:01)
» actions
| Build / train | 8 | |
| Enter build submenu | 7 | |
| Right click | 12 | |
| Select / deselect | 21 | |
| Use ability | 6 | |
54 total
» units
| Acolyte | 2 | |
| Ghoul | 3 | |
| Crypt Fiend | 2 | |
7 total
» buildings
| Graveyard | 1 | |
| Crypt | 1 | |
| Ziggurat | 3 | |
| Altar of Darkness | 1 | |
6 total
» build order
00:12 Graveyard
00:14 Crypt
00:17 Ziggurat
01:04 Altar of Darkness
01:40 Ziggurat
02:54 Ziggurat
team 2 (loser)

»
diveolson (
teal | 11 APM | 32 actions | 02:49)
» actions
| Build / train | 4 | |
| Enter build submenu | 5 | |
| Right click | 8 | |
| Select / deselect | 10 | |
| Use ability | 5 | |
32 total
» units
» buildings
| Crypt | 1 | |
| Ziggurat | 2 | |
| Graveyard | 1 | |
| Altar of Darkness | 1 | |
5 total
» build order
00:14 Crypt
00:17 Ziggurat
00:23 Graveyard
01:08 Altar of Darkness
02:00 Ziggurat

»
ElideN (
yellow | 7 APM | 20 actions | 03:01)
» actions
| Right click | 6 | |
| Select / deselect | 14 | |
20 total

»
njfourtwenty (
green | 25 APM | 63 actions | 02:33)
» actions
| Build / train | 8 | |
| Enter build submenu | 3 | |
| Right click | 16 | |
| Select / deselect | 31 | |
| Use ability | 5 | |
63 total
» units
» buildings
| Altar of Elders | 1 | |
| Moon Well | 2 | |
3 total
» build order
00:12 Altar of Elders
00:16 Moon Well
01:30 Moon Well
Chat log
(00:07 / Allies) Kanni_: wtf is unknown?
(01:23 / All) njfourtwenty: why is one of our fuckin teammates a bunch of sheep ?
(01:30 / Allies) 100li: units???
(01:36 / Allies) Kanni_: spiders than necro
(02:00 / All) Kanni_: wtf is unknown ?
(02:15 / All) njfourtwenty: not sure but think im gona bail now this is retarded, he is just a bunch of sheep
(02:23 / All) Kanni_: lol
(02:30 / All) njfourtwenty: thanks for the resources asshole why dont u pick a race next tima ya fuckin faggot
(02:47 / Allies) Kanni_: coming